 Dungeon Crawl Stone Soup version 0.30-a0-760-g5a9884bb7c (webtiles) character file.

Game seed: 10086858305922137324

315 kae the Digger (level 6, -7/32 HPs)
             Began as a Gargoyle Earth Elementalist on Feb 11, 2023.
             Killed from afar by Duvessa (23 damage)
             ... with a bolt of dispelling energy
             ... on level 4 of the Dungeon.
             The game lasted 00:03:42 (2901 turns).

kae the Digger (Gargoyle Earth Elementalist)        Turns: 2901, Time: 00:03:42

Health: -7/32      AC:  6    Str: 12    XL:     6   Next: 43%
Magic:  12/12      EV: 11    Int: 17    God:
Gold:   160        SH:  0    Dex: 10    Spells: 7/13 levels left

rFire   . . .      SeeInvis .    l - staff of earth {!a}
rCold   . . .      Faith    .    (no shield)
rNeg    + . .      Spirit   .    a - +0 robe
rPois   ∞          Reflect  .    (no helmet)
rElec   +          Harm     .    (no cloak)
rCorr   .          Rampage  .    (no gloves)
Will    .....                    (no boots)
Stlth   ++                       (no amulet)
HPRegen 0.25/turn                (no ring)
MPRegen 0.13/turn                (no ring)

@: no status effects
A: sickness immunity, AC +4, negative energy resistance 1, electricity
resistance, torment resistance 1, petrification resistance
a: no special abilities


You were on level 4 of the Dungeon.
You visited 1 branch of the dungeon, and saw 4 of its levels.

You collected 160 gold pieces.


Innate Abilities, Weirdness & Mutations

You are immune to sickness and miasma.
Your stone body is resilient. (AC +4)
You are immune to poison.
You resist negative energy. (rN+)
You are resistant to electric shocks. (rElec)
You are resistant to unholy torment.
You are immune to petrification.


   Skills:
 - Level 1.5 Dodging
 - Level 2.1 Stealth
 + Level 4.3 Spellcasting
 * Level 1.8 Conjurations
 - Level 0.7 Transmutations
 + Level 6.2 Earth Magic


You had 7 spell levels left.
You knew the following spells:

 Your Spells              Type           Power      Damage    Failure   Level
a - Sandblast             Erth           74%        2d16      1%          1
b - Stone Arrow           Conj/Erth      52%        3d10      9%          3
c - Passwall              Tmut/Erth      19%        N/A       5%          2

Your spell library contained the following spells:

 Spells                   Type           Power      Damage    Failure   Level
 Magic Dart               Conj           36%        1d4       7%          1
 Call Imp                 Summ           3%         N/A       24%         2
 Mephitic Cloud           Conj/Pois/Air  5%         N/A       34%         3
 Petrify                  Tmut/Erth      23%        N/A       36%         4
 Inner Flame              Hex/Fire       3%         N/A       43%         3
 Flame Wave               Conj/Fire      6%         2d5       71%         4
 Sticky Flame             Conj/Fire      6%         2d3       71%         4
 Summon Forest            Summ/Tloc      1%         N/A       99%         5
 Eringya's Noxious Bog    Tmut/Pois      2%         N/A       100%        6
 Summon Hydra             Summ           1%         N/A       100%        7

Inventory:

Missiles
 c - 2 boomerangs
 h - 5 javelins
 i - 17 stones
Armour
 a - a +0 robe (worn)
Magical Staves
 l - a staff of earth (weapon) {!a}
   (You acquired it on level 3 of the Dungeon)
Wands
 j - a wand of mindburst (15)
   (You found it on level 2 of the Dungeon)
 k - a wand of flame (17)
   (You found it on level 2 of the Dungeon)
Scrolls
 d - a scroll of teleportation {@r4}
 g - a scroll of blinking {!r}
Potions
 b - a potion of magic
 e - 2 potions of heal wounds {@q2}
 f - a potion of attraction {!q}
 m - a potion of curing {@q1}
 n - a potion of invisibility
 o - a potion of resistance {unknown}

Dungeon Overview and Level Annotations

Branches:
Dungeon (4/15) Zot: 21043
 Temple: D:4-7

Altars:
Gozag
Trog
Zin

Shops:
D:3 :

Annotations:
D:4 Dowan, Duvessa

###### ##+##########.....
#. ..........#....... #.
..........'....[.. #..
########.###..####
###..##########.####+####
..............#..........)
........e@....#...........
.............#...........
##..###e###.###'###..####
#..###.###.###.###..####
#......+....'.......'...
#.....†#....#.......#...
.##+##'#################'
.....[.................†..
..........................


You could see Duvessa (fast) and Dowan.


Message History

Confirm with . or Enter, or press ? or * to list all spells.
The spell is quite dangerous to miscast (10% risk of failure)!
Continue anyway? [Y]es or [N]o only, please.
The spell is quite dangerous to miscast (10% risk of failure)!
Continue anyway?
Okay, then.
Casting: Stone Arrow (quite dangerous; 10% risk of failure)
Confirm with . or Enter, or press ? or * to list all spells.
Aiming: Sandblast (safe; 1% risk of failure)
Press: ? - help, Shift-Dir - straight line, f - iguana
Aim: an iguana (86% to hit)
You feel a surge of power!
The blast of sand hits the iguana!
You kill the iguana!
Duvessa zaps a wand.
The bolt of dispelling energy hits you! 😮 HP[-6] MP[-1]
You take 6 damage, and now have 20/32 hp.
You lost 1 mp, and now have 11/12 mp.
Casting: Sandblast (safe; 1% risk of failure)
Confirm with . or Enter, or press ? or * to list all spells.
Aiming: Sandblast (safe; 1% risk of failure)
Press: ? - help, Shift-Dir - straight line, f - Duvessa
Aim: Duvessa, wielding a +0 short sword, wearing a +0 leather armour and carrying a wand of quicksilver (4) (86% to hit)
You feel a surge of power!
The blast of sand hits Duvessa! 😮 MP[-1]
You lost 1 mp, and now have 10/12 mp.
Dowan gestures wildly while chanting.
Dowan blinks!
Duvessa zaps a wand.
The bolt of dispelling energy hits you!
* * * LOW HITPOINT WARNING * * *
There is a stone staircase leading up here. 😨 HP[-11]
You take 11 damage, and now have 9/32 hp.
MASSIVE DAMAGE!! (PAUSE)
Casting: Sandblast (safe; 1% risk of failure)
Confirm with . or Enter, or press ? or * to list all spells.
Aiming: Sandblast (safe; 1% risk of failure)
Press: ? - help, Shift-Dir - straight line, f/p - Duvessa
Aim: Duvessa, wielding a +0 short sword, wearing a +0 leather armour and carrying a wand of quicksilver (3) (moderately wounded, 86% to hit)
You feel a surge of power!
The blast of sand hits Duvessa! 😨 HP[+1] MP[-1]
You lost 1 mp, and now have 9/12 mp.
Casting: Sandblast (safe; 1% risk of failure)
Confirm with . or Enter, or press ? or * to list all spells.
The spell is quite dangerous to miscast (9% risk of failure)!
Continue anyway? [Y]es or [N]o only, please.
The spell is quite dangerous to miscast (9% risk of failure)!
Continue anyway?
Aiming: Stone Arrow (quite dangerous; 9% risk of failure)
Press: ? - help, Shift-Dir - straight line, f/p - Duvessa
Aim: Duvessa, wielding a +0 short sword, wearing a +0 leather armour and carrying a wand of quicksilver (3) (heavily wounded, 75% to hit)
You feel a surge of power!
The stone arrow hits Duvessa! 😨 MP[-3]
You lost 3 mp, and now have 6/12 mp.
Casting: Stone Arrow (quite dangerous; 9% risk of failure)
Confirm with . or Enter, or press ? or * to list all spells.
Aiming: Sandblast (safe; 1% risk of failure)
Press: ? - help, Shift-Dir - straight line, f/p - Duvessa
Aim: Duvessa, wielding a +0 short sword, wearing a +0 leather armour and carrying a wand of quicksilver (3) (almost dead, 86% to hit)
You feel a surge of power!
The blast of sand misses Duvessa.
Duvessa hits you with a +0 short sword!
* * * LOW HITPOINT WARNING * * *
😱 HP[-8]
You take 8 damage, and now have 2/32 hp.
MASSIVE DAMAGE!! (PAUSE) Duvessa misses you.
You climb upwards.
There is a stone staircase leading down here.
Unknown command. 😱 HP[+1]
You start resting. 😨 HP[+7] MP[+4]
You regained 7 hp, and now have 10/32 hp.
You regained 4 mp, and now have 10/12 mp.
You start resting. 😨 HP[+4] MP[+2]
You regained 4 hp, and now have 14/32 hp.
Your mp is fully restored (12).
You start resting. 😕 HP[+13]
You regained 13 hp, and now have 27/32 hp.
You start resting. 😎 HP[+5]
Your hp is fully restored (32).
You climb downwards.
Level annotation: Dowan, Duvessa Duvessa hits you with a +0 short sword.
Duvessa zaps a wand.
The bolt of dispelling energy hits you!
* * * LOW HITPOINT WARNING * * *
There is a stone staircase leading up here. 😨 HP[-16]
You take 16 damage, and now have 16/32 hp.
MASSIVE DAMAGE!! (PAUSE) Dowan casts a spell at Duvessa.
Duvessa seems to speed up.
Duvessa says, "Where magic fails, the sword succeeds!"
Duvessa zaps a wand.
The bolt of dispelling energy hits you!!
Ouch! That really hurt!
You die...

Skill      XL: |  1  2  3  4  5  6 |
---------------+-------------------+-----
Earth Magic    | 4 5 6 |  6.2
Spellcasting   | 3 4 |  4.3
Conjurations   | 1 |  1.8
Dodging        | |  1.5
Stealth        | |  2.1
Transmutations | |  0.7

Action                     |  1- 3 |  4- 6 || total
---------------------------+-------+-------++-------
  Melee: Unarmed           |    30 |       ||    30
   Cast: Sandblast         |    41 |    64 ||   105
         Stone Arrow       |       |     1 ||     1
    Use: Scroll            |     4 |     7 ||    11
         Potion            |       |     1 ||     1
 Armour: Robe              |    20 |     8 ||    28
  Dodge: Dodged            |    28 |    14 ||    42

Levels and vault maps discovered:
D:1:      onia_arrival_pentagram, layout_basic
D:2:      layout_loops_ring, ebering_ecumenical_altar_ruins,
          kennysheep_jessica_study
D:3:      layout_basic, trog_book, grunt_gozag_statues, serial_shops, shop
D:4:      layout_gridville, led_sif_book, lemuel_round_altar, kennysheep_boxes,
          uniq_ijyb, uniq_duvessa, uniq_menkaure

Notes
Turn   | Place    | Note
-------+----------+-------------------------------------------
     0 | D:1      | kae the Gargoyle Earth Elementalist began the quest for the
                  | Orb.
     0 | D:1      | Reached XP level 1. HP: 10/10 MP: 3/3
     0 | D:1      | magus.rc [v1.11.3]
    18 | D:1      | You pick up a book of Flames and begin reading...
    18 | D:1      | You add the spells Inner Flame, Sticky Flame and Flame Wave
                  | to your library.
   172 | D:1      | Reached XP level 2. HP: 15/15 MP: 1/5
   413 | D:1      | Reached skill level 4 in Earth Magic
   654 | D:1      | You add the spells Summon Forest, Eringya's Noxious Bog and
                  | Summon Hydra to your library.
   970 | D:2      | Found a faded altar of an unknown god.
   979 | D:2      | Reached XP level 3. HP: 15/19 MP: 2/7
   985 | D:2      | Learned a level 3 spell: Stone Arrow
   988 | D:2      | Learned a level 2 spell: Passwall
  1050 | D:2      | Reached skill level 3 in Spellcasting
  1129 | D:2      | Reached XP level 4. HP: 16/24 MP: 1/8
  1273 | D:2      | Reached skill level 5 in Earth Magic
  1755 | D:2      | Noticed Jessica
  1762 | D:2      | Killed Jessica
  1763 | D:2      | Reached XP level 5. HP: 28/28 MP: 5/10
  1843 | D:3      | Identified a scroll of acquirement
  1843 | D:3      | Acquired a staff of earth
  1888 | D:3      | Found Irhuejes's Book Shoppe.
  1992 | D:3      | Found an opulent altar of Gozag.
  2100 | D:3      | You pick up a book of Minor Magic and begin reading...
  2100 | D:3      | You add the spells Magic Dart, Call Imp and Mephitic Cloud
                  | to your library.
  2275 | D:3      | Reached skill level 4 in Spellcasting
  2275 | D:3      | Reached skill level 6 in Earth Magic
  2393 | D:3      | Reached XP level 6. HP: 32/32 MP: 10/12
  2397 | D:3      | Reached skill level 1 in Conjurations
  2507 | D:3      | Found a bloodstained altar of Trog.
  2760 | D:4      | Found a glowing silver altar of Zin.
  2760 | D:4      | Noticed Dowan
  2760 | D:4      | Noticed Duvessa
  2782 | D:4      | HP: 2/32 [Duvessa/+0 short sword (8)]
  2901 | D:4      | Killed from afar by Duvessa

Vanquished Creatures
  An orc priest (D:3)
  Jessica (D:2)
  An orc wizard (D:3)
  3 iguanas
  3 gnolls (D:2)
  6 adders
  A shadow imp (D:3)
  A worm (D:2)
  2 dart slugs (D:3)
  8 orcs
  5 ball pythons
  3 endoplasms
  3 giant cockroaches
  3 goblins
  3 hobgoblins
  5 kobolds
  4 quokkas
  5 bats
  A frilled lizard (D:1)
  3 rats
62 creatures vanquished.

Vanquished Creatures (others)
  27 plants (D:4)
27 creatures vanquished.

Grand Total: 89 creatures vanquished

Table legend:
 A = Non-vault XP
 B = Vault XP
 C = Vault XP percentage of total XP
 D = Non-vault monster count
 E = Vault monster count
 F = Vault count percentage of total count
                 A         B        C        D         E       F
            +---------+---------+-------+---------+---------+-------
      Total |     411 |      39 |   8.7 |      60 |       2 |   3.2
            +---------+---------+-------+---------+---------+-------
        D:1 |      24 |       0 |   0.0 |      14 |       0 |   0.0
        D:2 |     125 |      39 |  23.8 |      22 |       2 |   8.3
        D:3 |     223 |       0 |   0.0 |      21 |       0 |   0.0
        D:4 |      39 |       0 |   0.0 |       3 |       0 |   0.0
            +---------+---------+-------+---------+---------+-------

Illustrated notes

Table legend:
 A = Kills in this place as a percentage of kills in entire the game.
 B = Kills by you in this place as a percentage of kills by you in the entire game.
 C = Kills by friends in this place as a percentage of kills by friends in the entire game.
 D = Other kills in this place as a percentage of other kills in the entire game.
 E = Experience gained in this place as a percentage of experience gained in the entire game.
 F = Experience gained in this place divided by the number of levels of this place that you have seen.
                   A       B       C       D       E      F
               +-------+-------+-------+-------+-------+----------------------
         Total | 100.0 | 100.0 |   N/A |   N/A | 100.0 | 112.5
       Dungeon | 100.0 | 100.0 |   N/A |   N/A | 100.0 | 112.5
               +-------+-------+-------+-------+-------+----------------------

Table legend: (Time is in decaauts)
 A = Elapsed time spent in this place.
 B = Non-inter-level travel time spent in this place.
 C = Inter-level travel time spent in this place.
 D = Time resting spent in this place.
 E = Time spent auto-exploring this place.
 F = Levels seen in this place.
 G = Mean time per level.
                   A        B        C        D        E       F      G
               +--------+--------+--------+--------+--------+-----+--------+
         Total |   2955 |   2930 |     25 |    262 |   2254 |   4 |  738.8 |
       Dungeon |   2955 |   2930 |     25 |    262 |   2254 |   4 |  738.8 |
               +--------+--------+--------+--------+--------+-----+--------+

Top non-repeatable levels by time:
     D:2: 1037 daAuts
     D:1: 941 daAuts
     D:3: 842 daAuts
     D:4: 133 daAuts
